 Dungeon Crawl Stone Soup version 0.30-a0-174-gbc10bd73c2 (webtiles) character file.

Game seed: 8665454086900707505

25 qw the Shield-Bearer (level 3, -9/23 HPs)
             Began as a Gargoyle Fighter on Oct 1, 2022.
             Killed by divine providence
             ... invoked by an orc priest
              (13 damage)
             ... on level 4 of the Dungeon.
             The game lasted 00:00:21 (985 turns).

qw the Shield-Bearer (Gargoyle Fighter)              Turns: 985, Time: 00:00:21

Health: -9/23      AC: 10    Str: 21    XL:     3   Next: 4%
Magic:  3/3        EV:  9    Int:  8    God:
Gold:   72         SH:  4    Dex:  9    Spells: 2/2 levels left

rFire   . . .      SeeInvis .    Y - +0 war axe
rCold   . . .      Faith    .    c - +0 buckler
rNeg    + . .      Spirit   .    b - +0 scale mail
rPois   inf        Reflect  .    (no helmet)
rElec   +          Harm     .    (no cloak)
rCorr   .          Rampage  .    (no gloves)
Will    .....                    (no boots)
Stlth   ..........               (no amulet)
HPRegen 0.23/turn                (no ring)
MPRegen 0.08/turn                (no ring)

@: no status effects
A: sickness immunity, AC +3, negative energy resistance 1, electricity
resistance, torment resistance 1, petrification resistance
a: no special abilities


You were on level 4 of the Dungeon.
You visited 1 branch of the dungeon, and saw 3 of its levels.

You collected 72 gold pieces.


Innate Abilities, Weirdness & Mutations

You are immune to sickness and miasma.
Your stone body is resilient. (AC +3)
You are immune to poison.
You resist negative energy. (rN+)
You are resistant to electric shocks. (rElec)
You are resistant to unholy torment.
You are immune to petrification.


   Skills:
 - Level 3.2 Fighting
 + Level 3.1 Axes
 - Level 3.2 Armour
 - Level 3.2 Shields


You had 2 spell levels left.
You didn't know any spells.
Your spell library was empty.

Inventory:

Hand Weapons
 h - a +0 whip
 Y - a +0 war axe (weapon)
Armour
 b - a +0 scale mail (worn)
 c - a +0 buckler (worn)
 k - a +0 pair of boots
Scrolls
 f - a scroll of torment {unknown}
 m - a scroll of teleportation {unknown}
Potions
 a - a potion of invisibility {unknown}
 d - a potion of might
 e - 2 potions of flight {unknown}
 g - 2 potions of curing {unknown}
 i - a potion of lignification {unknown}
 j - a potion of ambrosia {unknown}
 l - 2 potions of cancellation {unknown}

Dungeon Overview and Level Annotations

Branches:
Dungeon (2/15)

Altars:


Message History

Enter note: An orc comes into view. It is wielding a +0 short sword.
The orc shouts!
You hear a shout!
An orc comes into view. It is wielding a +0 hand axe.
You slash the orc!
You kill the orc!
You have reached level 3!
Your experience leads to an increase in your attributes!
Increase (S)trength, (I)ntelligence, or (D)exterity?
You feel stronger. x2
An orc comes into view. It is wielding a +0 club.
An orc comes into view. It is wielding a +0 dagger.
979 ||| Stepping ~*~*~tactically~*~*~ (stealth).
The orc shouts!
You hear a shout! x3
You closely miss the orc. You closely miss the orc. x2
The orc hits you but does no damage.
An orc priest comes into view. It is wielding a +0 falchion.
The orc hits you but does no damage.
A hobgoblin comes into view.
The orc hits you with a +0 hand axe. The orc hits you but does no damage.
You closely miss the orc. x2
The orc barely misses you.
The orc priest invokes the aid of Beogh against you.
Beogh smites you!
Ouch! That really hurt!
The orc barely misses you.
You barely miss the orc. You closely miss the orc.
The orc hits you but does no damage. The orc hits you with a +0 club.
You closely miss the orc. You hit the orc.
The orc priest calls upon Beogh to heal the orc.
The orc's wounds heal themselves!
The orc closely misses you. The orc hits you with a +0 club.
The orc priest looks satisfied for a moment.
The orc hits you but does no damage. x2
You barely miss the orc. x2
The orc priest calls down the wrath of Beogh upon you.
Beogh smites you!
Ouch! That really hurt!
You die...

...). ... ..
......#.. .#
......#.##.#
...........#.#
#. #.......#
#.###.#...#
#.....##....#
#.##...# ...#
##o@# ... ##o#
#.


go# ..o. ...... #...... #....... ........ You could see an orc priest, 3 orcs
and a hobgoblin.

Vanquished Creatures
  2 dart slugs (D:2)
  An orc (D:4)
  3 ball pythons
  A bat (D:1)
  2 endoplasms (D:1)
  A goblin (D:1)
  2 hobgoblins (D:1)
  A frilled lizard (D:2)
  3 kobolds
  3 rats
19 creatures vanquished.

Notes
Turn   | Place    | Note
-------+----------+-------------------------------------------
     0 | D:1      | qw the Gargoyle Fighter began the quest for the Orb.
     0 | D:1      | Reached XP level 1. HP: 14/14 MP: 1/1
     0 | D:1      | 0 ||| qw: Version: 0.2-a-13-gfc7b4b4
     0 | D:1      | 0 ||| qw: Game counter: 1867
     0 | D:1      | 0 ||| qw: Always use a shield: true
     0 | D:1      | 0 ||| qw: God list: Okawaru
     0 | D:1      | 0 ||| qw: Allow faded altars: false
     0 | D:1      | 0 ||| qw: Do Orc after D:15 true
     0 | D:1      | 0 ||| qw: Do second Lair branch before Depths: true
     0 | D:1      | 0 ||| qw: Lair rune preference: random
     0 | D:1      | 0 ||| qw: Plans: Normal, Zot:1-4, God:TSO, Crypt, Tomb,
                  | Pan, Slime:5, Hells, Abyss, Orb
     0 | D:1      | 0 ||| PLANNING D:1-11
   239 | D:1      | 239 ||| Stepping ~*~*~tactically~*~*~ (stealth).
   308 | D:1      | Reached XP level 2. HP: 19/19 MP: 2/2
   432 | D:1      | Found a faded altar of an unknown god.
   702 | D:1      | 702 ||| READING scroll labelled HOFASHRISMU.
   703 | D:1      | 703 ||| READING scroll labelled GANILI FEAMIEJ.
   704 | D:1      | 704 ||| READING scroll labelled LOCOL LE UFRO.
   705 | D:1      | 705 ||| READING scroll labelled ZAEDWO HOSOAXZU.
   842 | D:2      | 842 ||| Stepping ~*~*~tactically~*~*~ (hiding).
   935 | D:2      | 935 ||| FLEEEEING.
   936 | D:2      | 936 ||| FLEEEEING.
   937 | D:2      | 937 ||| FLEEEEING.
   938 | D:2      | 938 ||| FLEEEEING.
   946 | D:2      | Reached skill level 3 in Axes
   967 | D:2      | You fall into a shaft and drop 2 floors!
   978 | D:4      | Reached XP level 3. HP: 23/23 MP: 3/3
   979 | D:4      | 979 ||| Stepping ~*~*~tactically~*~*~ (stealth).
   982 | D:4      | HP: 5/23 [orc priest/divine providence (17)]
   985 | D:4      | Killed from afar by an orc priest

Levels and vault maps discovered:
D:1:      dpeg_arrival_short_road, layout_basic,
          hellmonk_ecumenical_altar_blasted
D:2:      layout_loops_ring, kennysheep_decorative_pillar
D:4:      layout_cave_pools, mainiacjoe_overflow_small_starburst,
          mainiacjoe_overflow_catwalk, minivault_5, minmay_misc_feat_five,
          hangedman_abyss_or_decor_stabs, amcnicky_mini_rare_corridor_liquid

Skill      XL: |  1  2 |
---------------+-------+-----
Axes           | 2 3 |  3.1
Fighting       | |  3.2
Armour         | |  3.2
Shields        | |  3.2

Action                   || total
-------------------------++-------
Melee: War axe           ||    52
  Use: Scroll            ||     4
Armor: Scale mail        ||    26
Dodge: Dodged            ||    21
Block: Buckler           ||     6

Table legend:
 A = Non-vault XP
 B = Vault XP
 C = Vault XP percentage of total XP
 D = Non-vault monster count
 E = Vault monster count
 F = Vault count percentage of total count
                 A         B        C        D         E       F
            +---------+---------+-------+---------+---------+-------
      Total |      36 |       0 |   0.0 |      19 |       0 |   0.0
            +---------+---------+-------+---------+---------+-------
        D:1 |      20 |       0 |   0.0 |      12 |       0 |   0.0
        D:2 |      13 |       0 |   0.0 |       6 |       0 |   0.0
        D:4 |       3 |       0 |   0.0 |       1 |       0 |   0.0
            +---------+---------+-------+---------+---------+-------
